 Dungeon Crawl Stone Soup version 0.27.0-1-g7a089689b8 (webtiles) character file.

Game seed: 7107130288425516258

39 SnakkuSnakku7 the Skirmisher (level 3, -1/39 HPs)
             Began as an Ogre Delver on Aug 6, 2021.
             Slain by a gnoll (5 damage)
             ... on level 4 of the Dungeon.
             The game lasted 00:01:11 (434 turns).

SnakkuSnakku7 the Skirmisher (Ogre Delver)           Turns: 434, Time: 00:01:11

Health: -1/39      AC:  3    Str: 17    XL:     3   Next: 47%
Magic:  3/3        EV:  9    Int: 11    God:
Gold:   15         SH:  0    Dex: 10    Spells: 2/2 levels left

rFire    . . .     SeeInvis .   a - +0 mace
rCold    . . .     Faith    .   (no shield)
rNeg     . . .     Spirit   .   b - +0 robe
rPois    .         Reflect  .   (helmet restricted)
rElec    .         Harm     .   (no cloak)
rCorr    .         Rampage  .   (gloves unavailable)
Will     .....                  (boots unavailable)
Stlth    ++........             (no amulet)
HPRegen  0.13/turn              (no ring)
MPRegen  0.08/turn              (no ring)

@: no status effects
A: large, unfitting armour, tough skin 1
a: no special abilities


You were on level 4 of the Dungeon.
You visited 1 branch of the dungeon, and saw 2 of its levels.

You collected 15 gold pieces.

Inventory:

Hand Weapons
 a - a +0 mace (weapon)
Armour
 b - a +0 robe (worn)
Wands
 g - a wand of digging (2)
Scrolls
 c - a scroll of fog
 d - a scroll of magic mapping
Potions
 f - a potion of haste
 h - a potion of heal wounds {unknown}
 i - a potion of brilliance {unknown}


   Skills:
 - Level 4.0 Fighting
 + Level 3.4 Maces & Flails
 - Level 1.7 Dodging
 - Level 3.7 Stealth


You had 2 spell levels left.
You didn't know any spells.
Your spell library was empty.

Dungeon Overview and Level Annotations

Branches:
Dungeon (5/15)
 Temple: D:4-7

Altars:

Shops:
D:4 *

Annotations:
D:5 Dowan


Innate Abilities, Weirdness & Mutations

You are too large for most types of armour.
You have tough skin. (AC +1)


Message History

Found a scroll labelled ROTEFU LUVESCH.
A gnoll comes into view. It is wielding a +0 spear.
The gnoll shouts!
You hear a shout!
A gnoll comes into view. It is wielding a +0 club.
A gnoll comes into view. It is wielding a +0 whip.
The gnoll hits you from afar with a +0 spear.
The gnoll shouts!
The gnoll closely misses you.
As you read the scroll of fear, it crumbles to dust.
You assume a fearsome visage.
The gnoll looks frightened! x5
A gnoll comes into view. It is wielding a +0 club.
Aiming: Dig
Press: ? - help, Shift-Dir - straight line A rock wall.
The rock shatters into small pieces.
Aiming: Dig
Press: ? - help, Shift-Dir - straight line A rock wall.
Okay, then.
The adder hisses angrily.
The adder bites you but does no damage.
The gnoll seems to regain its courage.
The adder bites you.
You are poisoned.
The adder poisons you! The adder barely misses you.
You feel sick. The adder bites you but does no damage.
The gnoll hits you with a +0 club!
You closely miss the gnoll.
You feel sick. The adder misses you. The quokka skeleton bites you.
The gnoll hits you with a +0 club. The adder closely misses you.
Unknown command.
You feel sick.
The gnoll seems to regain its courage.
The gnoll hits you with a +0 club.
* * * LOW HITPOINT WARNING * * *
You feel sick.
You are no longer poisoned.
The gnoll barely misses you. The gnoll hits you with a +0 club.
* * * LOW HITPOINT WARNING * * *
The gnoll hits you with a +0 club.
You die...

#....g.....$.....
##.##.#.##.###.##
#.)##.#.##.##
#..##........
#..##.#.#.##.
#.....#.... ?.
#g†##.#.#B#. #.
#..##...#.... ..
#g@##.#....g.# #)
#.Sg..#.#.(...
#gZ##...(....#
#.g##.#.##.#.#
#.......... .
#..##.###.
#.........
#..####.## #
#..####.###.##.#


You could see 5 gnolls, an adder and a quokka skeleton.

Vanquished Creatures
  A hound zombie (D:5)
  2 adders
  An orc (D:4)
  2 giant cockroaches (D:4)
  A jackal (D:4)
  A quokka (D:4)
8 creatures vanquished.

Notes
Turn   | Place    | Note
-------+----------+-------------------------------------------
     0 | D:5      | SnakkuSnakku7 the Ogre Delver began the quest for the Orb.
     0 | D:5      | Reached XP level 1. HP: 24/24 MP: 1/1
    14 | D:5      | Reached XP level 2. HP: 28/32 MP: 2/2
    41 | D:5      | Noticed Dowan
   147 | D:4      | Reached XP level 3. HP: 38/39 MP: 3/3
   153 | D:4      | Found Hucich's Mayhem Merchandise.
   201 | D:4      | Noticed a scorpion
   434 | D:4      | Slain by a gnoll

Illustrated notes

Levels and vault maps discovered:
D:4:      kennysheep_spiral_hall, layout_basic, minmay_temple_entry_ruins,
          serial_shops, nicolae_shop_statue_plus, kennysheep_nub,
          minmay_shop_mayhem, moated_statue, minmay_diced_spiral,
          uniq_crazy_yiuf_cottage
D:5:      layout_loops_ring, fedhas_altar_4, nicolae_shop_self_help,
          uniq_duvessa

Skill      XL: |  1  2 |
---------------+-------+-----
Maces & Flails | 2 3 |  3.4
Fighting       | |  4.0
Dodging        | |  1.7
Stealth        | |  3.7

Action                   || total
-------------------------++-------
Melee: Mace              ||    29
Evoke: Wand              ||     1
  Use: Scroll            ||     1
 Stab: Sleeping          ||     2
Armor: Robe              ||    10
Dodge: Dodged            ||    24
